NYP
AUBURN DOUBLEDAYS @ BATAVIA MUCKDOGS
09/10/2045
 
TOP OF THE 1ST
Auburn Doubledays batting - Pitching for Batavia Muckdogs : RHP Cory Levine
Pitching: RHP Cory Levine
Batting: RHB Bobby Bricker 0-0: Foul Ball, location: 2F
0-1: Ball
1-1: Ball
2-1: Foul Ball, location: 2F
2-2: Foul Ball, location: 2F
2-2: Foul Ball, location: 2F
2-2: Ball
3-2: Strikes out swinging
Batting: RHB Gabe Almazan 0-0: Called Strike
0-1: Foul Ball, location: 2F
0-2: Ball
1-2: DOUBLE (Line Drive, 3D, EV 97.5 MPH)
Batting: LHB Kyung-jin Cho 0-0: Ball
1-0: Swinging Strike
1-1: Foul Ball, location: 2F
1-2: Foul Ball, location: 2F
1-2: Foul Ball, location: 2F
1-2: Ball
Wild Pitch!
Gabe Almazan to third
2-2: Ball
3-2: Foul Ball, location: 2F
3-2: Base on Balls
Batting: RHB Nick Moreno 0-0: Called Strike
0-1: Swinging Strike
0-2: Strikes out swinging
Batting: LHB Yoshiya Kurokawa 0-0: Called Strike
0-1: Ball
1-1: Ball
2-1: Swinging Strike
2-2: Strikes out looking
Top of the 1st over - 0 runs, 1 hit, 0 errors, 2 left on base; Auburn 0 - Batavia 0
BOTTOM OF THE 1ST
Batavia Muckdogs batting - Pitching for Auburn Doubledays : RHP Luis Astudillo
Pitching: RHP Luis Astudillo
Batting: RHB Tom Thompson 0-0: Called Strike
0-1: Fly out, F4 (Popup, 3S, EV 90.0 MPH)
Batting: LHB David Doge 0-0: Called Strike
0-1: Ball
1-1: Ball
2-1: Foul Ball, location: 2F
2-2: Ball
3-2: Base on Balls
Batting: RHB Tony Stedman 0-0: Called Strike
David Doge steals 2nd base
0-1: Ball
David Doge steals 3rd base
1-1: Foul Ball, location: 2F
1-2: Ball
2-2: Strikes out swinging
Batting: RHB Len Graham 0-0: 2-RUN HOME RUN (Flyball, 89XD, EV 110.0 MPH), Distance : 404 ft
Batting: RHB Jim Fisher 0-0: Ball
1-0: Ball
2-0: SINGLE (Groundball, 6MD, EV 104.4 MPH)
Batting: RHB Andy Kelly 0-0: Ball
1-0: Ball
2-0: Called Strike
2-1: Called Strike
2-2: Ball
3-2: Foul Ball, location: 2F
3-2: 2-RUN HOME RUN (Flyball, 7D, EV 98.8 MPH), Distance : 365 ft
Batting: RHB J.D. Vander Klok 0-0: Ball
1-0: Ground out 5-3 (Groundball, 15, EV 85.0 MPH)
Bottom of the 1st over - 4 runs, 3 hits, 0 errors, 0 left on base; Auburn 0 - Batavia 4
TOP OF THE 2ND
Auburn Doubledays batting - Pitching for Batavia Muckdogs : RHP Cory Levine
Batting: LHB Chance McWilliams 0-0: Ball
1-0: SINGLE (Groundball, 56D, EV 111.2 MPH)
Batting: RHB Justin Van Houten 0-0: Ball
1-0: Fielders Choice at 2nd, U6 (Groundball, 4MS, EV 79.4 MPH)
Batting: RHB Alex Blanco 0-0: Ball
1-0: Called Strike
1-1: Fielders Choice at 2nd, 4-6 (Groundball, 4, EV 81.2 MPH)
Batting: RHB Brian Walker 0-0: Ball
1-0: Called Strike
1-1: Foul Ball, location: 2F
1-2: Strikes out swinging
Top of the 2nd over - 0 runs, 1 hit, 0 errors, 1 left on base; Auburn 0 - Batavia 4
BOTTOM OF THE 2ND
Batavia Muckdogs batting - Pitching for Auburn Doubledays : RHP Luis Astudillo
Batting: SHB Yoo-chul Jung 0-0: Called Strike
0-1: Ball
1-1: Called Strike
1-2: Strikes out looking
Batting: RHB Jeremy Dennis 0-0: Ball
1-0: Foul Ball, location: 2F
1-1: Ground out 6-3 (Groundball, 6S, EV 69.4 MPH)
Batting: RHB Tom Thompson 0-0: Called Strike
0-1: Called Strike
0-2: Strikes out swinging
Bottom of the 2nd over - 0 runs, 0 hits, 0 errors, 0 left on base; Auburn 0 - Batavia 4
TOP OF THE 3RD
Auburn Doubledays batting - Pitching for Batavia Muckdogs : RHP Cory Levine
Batting: RHB Bobby Bricker 0-0: Ball
1-0: Ball
2-0: Ball
3-0: Called Strike
3-1: Foul Ball, location: 2F
3-2: Foul Ball, location: 2F
3-2: Base on Balls
Batting: RHB Gabe Almazan 0-0: Called Strike
0-1: Hit by Pitch
Bobby Bricker to second
Batting: LHB Kyung-jin Cho 0-0: Foul Ball, location: 2F
0-1: Foul Ball, location: 2F
0-2: Strikes out swinging
Batting: RHB Nick Moreno 0-0: Called Strike
0-1: Ball
1-1: Called Strike
1-2: Ball
2-2: SINGLE (Line Drive, 8LS, EV 107.5 MPH)
Bobby Bricker to third
Gabe Almazan to second
Batting: LHB Yoshiya Kurokawa 0-0: Called Strike
0-1: Called Strike
0-2: Ball
1-2: Ball
2-2: Foul Ball, location: 2F
2-2: Reached on error, E6 (Groundball, 4MS, EV 85.0 MPH)
Bobby Bricker scores
Gabe Almazan to third
Nick Moreno to second
Batting: LHB Chance McWilliams 0-0: Called Strike
0-1: Ball
1-1: Swinging Strike
1-2: Ball
2-2: Ball
3-2: Fielders Choice at 2nd, 4-6 (Groundball, 4M, EV 101.9 MPH)
Gabe Almazan scores
Nick Moreno to third
Batting: RHB Justin Van Houten 0-0: Foul Ball, location: 2F
0-1: Foul Ball, location: 2F
0-2: Ball
1-2: Strikes out looking
Top of the 3rd over - 2 runs, 1 hit, 1 error, 2 left on base; Auburn 2 - Batavia 4
BOTTOM OF THE 3RD
Batavia Muckdogs batting - Pitching for Auburn Doubledays : RHP Luis Astudillo
Batting: LHB David Doge 0-0: Called Strike
0-1: Ball
1-1: Ball
2-1: Ground out 5-3 (Groundball, 56, EV 84.4 MPH)
Batting: RHB Tony Stedman 0-0: Ball
1-0: Fly out, F4 (Line Drive, 4, EV 67.5 MPH)
Batting: RHB Len Graham 0-0: Ground out 4-3 (Groundball, 4, EV 98.1 MPH)
Bottom of the 3rd over - 0 runs, 0 hits, 0 errors, 0 left on base; Auburn 2 - Batavia 4
TOP OF THE 4TH
Auburn Doubledays batting - Pitching for Batavia Muckdogs : RHP Cory Levine
Batting: RHB Alex Blanco 0-0: Ball
1-0: Ground out 5-3 (Groundball, 5L, EV 91.2 MPH)
Batting: RHB Brian Walker 0-0: Ball
1-0: Ball
2-0: Called Strike
2-1: Ball
3-1: Ground out 3-1 (Groundball, 13, EV 90.0 MPH)
Batting: RHB Bobby Bricker 0-0: Ball
1-0: Ball
2-0: Ball
3-0: Base on Balls
Batting: RHB Gabe Almazan 0-0: Ball
Bobby Bricker is caught stealing 2nd base 2-4
Top of the 4th over - 0 runs, 0 hits, 0 errors, 0 left on base; Auburn 2 - Batavia 4
BOTTOM OF THE 4TH
Batavia Muckdogs batting - Pitching for Auburn Doubledays : RHP Luis Astudillo
Batting: RHB Jim Fisher 0-0: Ball
1-0: SINGLE (Groundball, 6MD, EV 99.4 MPH)
Batting: RHB Andy Kelly 0-0: Called Strike
0-1: Ball
1-1: Swinging Strike
1-2: Ball
2-2: Strikes out swinging
Batting: RHB J.D. Vander Klok 0-0: Ball
Wild Pitch!
Jim Fisher to second
1-0: Called Strike
1-1: Foul Ball, location: 2F
1-2: Strikes out looking
Batting: SHB Yoo-chul Jung 0-0: Ball
1-0: Ball
2-0: Called Strike
2-1: Fly out, F6 (Line Drive, 6, EV 66.9 MPH)
Bottom of the 4th over - 0 runs, 1 hit, 0 errors, 1 left on base; Auburn 2 - Batavia 4
TOP OF THE 5TH
Auburn Doubledays batting - Pitching for Batavia Muckdogs : RHP Cory Levine
Batting: RHB Gabe Almazan 0-0: Ball
1-0: Ground out 6-3 (Groundball, 6, EV 88.8 MPH)
Batting: LHB Kyung-jin Cho 0-0: Called Strike
0-1: Ball
1-1: Ball
2-1: Swinging Strike
2-2: Strikes out swinging
Batting: RHB Nick Moreno 0-0: Fly out, F7 (Flyball, 7S, EV 80.0 MPH)
Top of the 5th over - 0 runs, 0 hits, 0 errors, 0 left on base; Auburn 2 - Batavia 4
BOTTOM OF THE 5TH
Batavia Muckdogs batting - Pitching for Auburn Doubledays : RHP Luis Astudillo
Batting: RHB Jeremy Dennis 0-0: Ball
1-0: Foul Ball, location: 2F
1-1: Ball
2-1: Ball
3-1: Bunt for hit to 13S - play at first, batter safe!
Batting: RHB Tom Thompson 0-0: Ball
1-0: Fly out, F9 (Flyball, 9, EV 83.8 MPH)
Batting: LHB David Doge 0-0: Ball
Jeremy Dennis steals 2nd base (no throw)
1-0: Foul Ball, location: 2F
1-1: Ground out 6-3 (Groundball, 6, EV 86.2 MPH)
Jeremy Dennis to third
Batting: RHB Tony Stedman 0-0: Ball
1-0: TRIPLE (Flyball, 89XD, EV 105.0 MPH)
Jeremy Dennis scores
Pitching: RHP John Kovach
Batting: RHB Len Graham 0-0: Ball
1-0: Called Strike
1-1: Ground out 6-3 (Groundball, 6, EV 103.8 MPH)
Bottom of the 5th over - 1 run, 2 hits, 0 errors, 1 left on base; Auburn 2 - Batavia 5
TOP OF THE 6TH
Auburn Doubledays batting - Pitching for Batavia Muckdogs : RHP Cory Levine
Batting: LHB Yoshiya Kurokawa 0-0: Ball
1-0: Ball
2-0: Ground out 4-3 (Groundball, 4, EV 95.0 MPH)
Pitching: RHP Mike Yorke
Batting: LHB Chance McWilliams 0-0: Swinging Strike
0-1: Ball
1-1: Called Strike
1-2: Strikes out swinging
Batting: RHB Justin Van Houten 0-0: Foul Ball, location: 2F
0-1: Swinging Strike
0-2: Strikes out swinging
Top of the 6th over - 0 runs, 0 hits, 0 errors, 0 left on base; Auburn 2 - Batavia 5
BOTTOM OF THE 6TH
Batavia Muckdogs batting - Pitching for Auburn Doubledays : RHP John Kovach
Batting: RHB Jim Fisher 0-0: Ball
1-0: Called Strike
1-1: Ball
2-1: Ground out 5-3 (Groundball, 56, EV 89.4 MPH)
Batting: RHB Andy Kelly 0-0: Called Strike
0-1: Foul Ball, location: 2F
0-2: Ball
1-2: Ball
2-2: Strikes out swinging
Batting: RHB J.D. Vander Klok 0-0: Called Strike
0-1: Ball
1-1: Foul Ball, location: 2F
1-2: SINGLE (Flyball, 8RS, EV 91.9 MPH)
Batting: SHB Yoo-chul Jung 0-0: Called Strike
0-1: Foul Ball, location: 2F
0-2: Ball
1-2: Ground out 4-3 (Groundball, 34, EV 83.1 MPH)
Bottom of the 6th over - 0 runs, 1 hit, 0 errors, 1 left on base; Auburn 2 - Batavia 5
TOP OF THE 7TH
Auburn Doubledays batting - Pitching for Batavia Muckdogs : RHP Mike Yorke
Batting: RHB Alex Blanco 0-0: Called Strike
0-1: Swinging Strike
0-2: SINGLE (Line Drive, 8LS, EV 88.1 MPH)
Batting: RHB Brian Walker 0-0: Foul Ball, location: 2F
0-1: Ball
1-1: Foul Ball, location: 2F
1-2: Ball
2-2: Strikes out swinging
Batting: RHB Bobby Bricker 0-0: Ball
1-0: Ball
2-0: Ball
3-0: Base on Balls
Alex Blanco to second
Batting: RHB Gabe Almazan 0-0: Ball
1-0: Ball
2-0: Ball
3-0: Base on Balls
Alex Blanco to third
Bobby Bricker to second
Batting: LHB Kyung-jin Cho 0-0: Ball
1-0: Ball
2-0: Called Strike
2-1: Ball
3-1: Base on Balls
Alex Blanco scores
Bobby Bricker to third
Gabe Almazan to second
Batting: RHB Nick Moreno 0-0: Called Strike
0-1: Called Strike
0-2: Foul Ball, location: 2F
0-2: Ball
1-2: Ball
2-2: Strikes out swinging
Batting: LHB Yoshiya Kurokawa 0-0: Called Strike
0-1: Fly out, F8 (Flyball, 8RXD, EV 95.6 MPH)
Top of the 7th over - 1 run, 1 hit, 0 errors, 3 left on base; Auburn 3 - Batavia 5
BOTTOM OF THE 7TH
Batavia Muckdogs batting - Pitching for Auburn Doubledays : RHP John Kovach
Pitching: RHP Chris Lawrence
Batting: RHB Jeremy Dennis 0-0: Swinging Strike
0-1: Hit by Pitch
Batting: RHB Tom Thompson 0-0: Ball
1-0: Ball
Jeremy Dennis steals 2nd base
2-0: Called Strike
2-1: Ball
3-1: Called Strike
3-2: Ground out U3 (Groundball, 34S, EV 88.8 MPH)
Jeremy Dennis to third
Batting: LHB David Doge 0-0: Foul Ball, location: 2F
0-1: Called Strike
0-2: Foul Ball, location: 2F
0-2: Ball
1-2: Ground out 4-3 (Groundball, 4, EV 84.4 MPH)
Batting: RHB Tony Stedman 0-0: Ball
1-0: Foul Ball, location: 2F
1-1: Foul Ball, location: 2F
1-2: Strikes out swinging
Bottom of the 7th over - 0 runs, 0 hits, 0 errors, 1 left on base; Auburn 3 - Batavia 5
TOP OF THE 8TH
Auburn Doubledays batting - Pitching for Batavia Muckdogs : RHP Mike Yorke
Pitching: RHP James Bitner
Batting: LHB Chance McWilliams 0-0: Ground out 4-3 (Groundball, 34, EV 102.5 MPH)
Batting: RHB Justin Van Houten 0-0: Ball
1-0: Foul Ball, location: 2F
1-1: Ball
2-1: Ball
3-1: Ground out U3 (Groundball, 3, EV 82.5 MPH)
Batting: RHB Alex Blanco 0-0: Ball
1-0: Called Strike
1-1: Ground out 6-3 (Groundball, 6M, EV 101.9 MPH)
Top of the 8th over - 0 runs, 0 hits, 0 errors, 0 left on base; Auburn 3 - Batavia 5
BOTTOM OF THE 8TH
Batavia Muckdogs batting - Pitching for Auburn Doubledays : RHP Chris Lawrence
Batting: RHB Len Graham 0-0: Foul Ball, location: 2F
0-1: Ball
1-1: Called Strike
1-2: Fly out, F6 (Popup, 6MS, EV 79.4 MPH)
Batting: RHB Jim Fisher 0-0: Fly out, F8 (Flyball, 8RD, EV 88.1 MPH)
Batting: RHB Andy Kelly 0-0: Ball
1-0: Ball
2-0: Foul Ball, location: 2F
2-1: Ball
3-1: Base on Balls
Batting: RHB J.D. Vander Klok 0-0: Called Strike
0-1: Fly out, F1 (Popup, P, EV 81.2 MPH)
Bottom of the 8th over - 0 runs, 0 hits, 0 errors, 1 left on base; Auburn 3 - Batavia 5
TOP OF THE 9TH
Auburn Doubledays batting - Pitching for Batavia Muckdogs : RHP James Bitner
Pitching: RHP Dan Durand
Pinch Hitting: SHB Gabe Fraunfelder 0-0: Called Strike
0-1: Swinging Strike
0-2: Ball
1-2: Ball
2-2: Strikes out swinging
Batting: RHB Bobby Bricker 0-0: Called Strike
0-1: Foul Ball, location: 2F
0-2: Ball
1-2: Strikes out swinging
Batting: RHB Gabe Almazan 0-0: Called Strike
0-1: Ball
1-1: Ball
2-1: Called Strike
2-2: Strikes out swinging
Top of the 9th over - 0 runs, 0 hits, 0 errors, 0 left on base; Auburn 3 - Batavia 5
Wednesday, June 22nd , 2022 - OOTP Baseball 23.4 Build 64